 Dungeon Crawl Stone Soup version 0.21.1-1-g345015f (webtiles) character file.

11074 troglodite the Protected (level 11, -3/86 HPs)
             Began as a Demonspawn Berserker on May 15, 2018.
             Was the Champion of Trog.
             Killed from afar by a lindwurm (22 damage)
             ... with a blast of flame
             ... on level 11 of the Dungeon on May 17, 2018.
             The game lasted 00:40:37 (8988 turns).

troglodite the Protected (Demonspawn Berserker)     Turns: 8988, Time: 00:40:37

Health: -3/86      AC: 21    Str: 18    XL:     11   Next: 44%
Magic:  10/11      EV: 13    Int: 18    God:    Trog [******]
Gold:   429        SH:  0    Dex: 27    Spells: 10/10 levels left

rFire    . . .     SeeInvis +   P - +8 great sword "Ytojiuc" {slice, Fragile Int+3 Dex+4}
rCold    . . .     Gourm    .   (shield currently unavailable)
rNeg     + . .     Faith    +   T - +1 chain mail of Least Resistance {Dex+4}
rPois    .         Spirit   .   F - +2 helmet {SInv}
rElec    .         Reflect  .   K - +2 cloak
rCorr    .         Harm     .   (no gloves)
MR       .....     NoTele   +   (no boots)
Stlth    ..........             I - amulet of faith
HPRegen  0.24/turn              D - ring "Axzocwad" {-Tele rN+ Int+6 Dex+4 SInv}
MPRegen  0.12/turn              y - ring of flight

@: flying
A: claws 1, slimy green scales 2, powered by death 1, spiny 2
a: Berserk, Trog's Hand, Brothers in Arms, Burn Spellbooks, Renounce Religion,
Stop Flying


You were on level 11 of the Dungeon.
You worshipped Trog.
Trog was exalted by your worship.
You were hungry.

You visited 1 branch of the dungeon, and saw 11 of its levels.
You also visited: Sewer.

You collected 749 gold pieces.
You spent 320 gold pieces at shops.

Inventory:

Hand Weapons
 L - a +1 demon trident of draining
 O - a +4 scimitar of flaming
 P - the +8 great sword "Ytojiuc" (weapon) {slice, Fragile Int+3 Dex+4}
   (Trog gifted it to you on level 10 of the Dungeon)

   It inflicts extra damage upon your enemies.
   It affects your intelligence (+3).
   It affects your dexterity (+4).
   It will be destroyed if unequipped.
Armour
 C - a +0 buckler
 F - a +2 helmet of see invisible (worn)
 K - a +2 cloak (worn)
 T - the +1 chain mail of Least Resistance (worn) {Dex+4}
   (You found it on level 11 of the Dungeon)

   It affects your dexterity (+4).
Jewellery
 a - an uncursed ring of ice
 g - an uncursed ring of positive energy
 r - a +3 ring of protection
 y - a ring of flight (right claw)
 A - an uncursed ring of see invisible
 D - the ring "Axzocwad" (left claw) {-Tele rN+ Int+6 Dex+4 SInv}
   (You found it on level 8 of the Dungeon)

   [ring of intelligence]

   It affects your intelligence (+6).
   It affects your dexterity (+4).
   It protects you from negative energy.
   It lets you see invisible.
   It prevents most forms of teleportation.
 E - an uncursed amulet of the gourmand
 I - an amulet of faith (around neck)
Wands
 d - a wand of enslavement (4)
 s - a wand of disintegration (21)
 v - a wand of polymorph (10)
 w - a wand of paralysis (6)
 B - a wand of scattershot (3)
 J - a wand of flame (19)
 M - a wand of acid (23)
 R - a wand of clouds (6)
Scrolls
 k - 4 scrolls of enchant armour
 p - 2 scrolls of fear
 q - 3 scrolls of remove curse
 u - 5 scrolls of teleportation
 H - a scroll of fog
 N - a scroll of silence {unknown}
Potions
 b - 3 potions of cancellation
 e - 3 potions of agility
 f - 6 potions of heal wounds
 h - 3 potions of flight
 i - 4 potions of haste
 j - 9 potions of curing
 l - 4 potions of resistance
 m - 5 potions of might
 n - a potion of invisibility
 o - 5 potions of mutation {unknown}
 t - 2 potions of degeneration {unknown}
 z - 2 potions of brilliance
 G - a potion of lignification
 S - a potion of ambrosia
Comestibles
 c - 26 rations


   Skills:
 * Level 7.9 Fighting
 + Level 5.9 Long Blades
 + Level 7.9 Polearms
 * Level 8.2 Armour
 * Level 7.4 Dodging
 + Level 2.5 Stealth
 * Level 4.7 Shields


You had 10 spell levels left.
You didn't know any spells.

Dungeon Overview and Level Annotations

Branches:
Dungeon (11/15)            Temple (0/1) D:4            Lair (0/6) D:11
    Orc (0/2) D:9

Altars:
Elyvilon
Nemelex Xobeh
Okawaru
Trog
Vehumet
Zin
Beogh

Shops:
D:5 }   D:8 =   D:11 !%?[(


Innate Abilities, Weirdness & Mutations

You have sharp fingernails.
You are mostly covered in slimy green scales. (AC +3)
You regenerate a little health from kills.
You are mostly covered in sharp spines.


Message History

The lindwurm roars!
The lindwurm breathes flames at you. The blast of flame hits you!
Found 3 potions of invisibility.
The lindwurm breathes flames at you. The blast of flame hits you!
The lindwurm bites you!
The lindwurm claws you but does no damage. x2
You slash the lindwurm!
The lindwurm is moderately wounded.
The lindwurm barely misses you. x2; The lindwurm claws you.
* * * LOW HITPOINT WARNING * * *
You hit the lindwurm but do no damage.
The lindwurm is moderately wounded.
The lindwurm is struck by your spines. The lindwurm bites you.
* * * LOW HITPOINT WARNING * * *
The lindwurm completely misses you. The lindwurm claws you.
* * * LOW HITPOINT WARNING * * *
The lindwurm breathes flames at you. The blast of flame hits you!
You die...

#.## #.....##......#
##.#########.##....#..
#..#.....≈≈........###
######.....≈≈≈≈§≈§≈.....#
###........≈§≈≈≈≈≈§≈≈≈≈.§.##
#.........§≈≈≈≈≈≈§§≈§≈§≈§..#
#.......§§§≈≈≈≈≈≈§§§§§§§≈..##
##.......§≈≈≈≈≈§≈≈≈≈≈§§§§§≈§.#
#........≈§≈§@≈≈k...≈≈§≈§§§..#
#......[≈§≈≈≈≈kkk##...≈§≈§§≈.#
#.......§≈≈≈≈≈..####..≈§≈§≈§..
#......§§§§≈≈..#.$ .#..§≈§≈§.)
#......≈≈≈≈≈≈.##$}) ##.§§§§≈≈.
#.....§≈≈≈§≈§.## >}!##.§§§≈≈≈.
#.......§§≈≈≈..#. !.#..≈§§≈≈..
#)......≈≈≈§§§..####..≈≈≈≈≈≈.#
##......§§≈§≈§≈...##..k§§≈≈≈≈.#


You could see 4 lindwurms.

Vanquished Creatures
  Erica (D:8)
  2 two-headed ogres
  An ugly thing (D:11)
  Maurice (D:8)
  A komodo dragon (D:11)
  A troll (D:11)
  Grinder (D:6)
  3 hippogriffs
  9 yaks (D:11)
  A spriggan (D:7)
  Sigmund (D:3)
  2 steam dragons
  2 hungry ghosts
  3 sky beasts
  3 black bears
  4 ice beasts
  3 phantoms
  4 orc warriors (D:9)
  A necrophage (D:9)
  3 ogres
  4 centaurs
  A crocodile (Sewer)
  2 big kobolds
  3 bullfrogs
  4 scorpions
  3 howler monkeys (D:11)
  3 crimson imps
  A bullfrog zombie (D:7)
  2 quasits
  4 jellies
  A centaur zombie (D:11)
  7 hounds
  7 orc priests
  4 bullfrog skeletons
  A gnoll shaman (D:4)
  16 orc wizards
  5 iguanas
  7 worker ants
  Natasha (thrice) (D:3)
  A hound zombie (D:6)
  2 hound skeletons
  A worker ant zombie (D:10)
  3 gnolls (D:4)
  A howler monkey skeleton (D:4)
  11 adders
  3 river rats (D:3)
  A shadow imp (D:4)
  7 oozes
  An adder skeleton (D:9)
  5 worms
  2 dart slugs
  6 leopard geckos
  45 orcs
  2 ball pythons
  7 giant cockroaches
  11 goblins
  7 hobgoblins
  10 jackals
  26 kobolds
  4 quokkas
  12 bats
  3 frilled lizards (D:2)
  A leopard gecko zombie (D:7)
  11 rats
308 creatures vanquished.

Vanquished Creatures (others)
  A goblin (D:2)
  A plant (D:11)
  6 toadstools (D:3)
8 creatures vanquished.

Grand Total: 316 creatures vanquished

Notes
Turn   | Place    | Note
-------+----------+-------------------------------------------
     0 | D:1      | troglodite the Demonspawn Berserker began the quest for the Orb.
     0 | D:1      | Reached XP level 1. HP: 18/18 MP: 1/1
   175 | D:1      | Gained mutation: You are partially covered in sharp spines. [demonic ancestry]
   175 | D:1      | Reached XP level 2. HP: 10/24 MP: 2/2
   499 | D:1      | Reached skill level 2 in Armour
   875 | D:1      | Gained mutation: You regenerate a little health from kills. [demonic ancestry]
   875 | D:1      | Reached XP level 3. HP: 29/29 MP: 3/3
  1077 | D:2      | Reached ** piety under Trog
  1426 | D:2      | Found a radiant altar of Vehumet.
  1490 | D:2      | Found a radiant altar of Vehumet.
  1624 | D:2      | Reached XP level 4. HP: 37/37 MP: 4/4
  2025 | D:3      | Found a glowing drain.
  2049 | D:3      | Reached skill level 3 in Armour
  2054 | D:3      | Reached *** piety under Trog
  2069 | Sewer    | Entered a sewer
  2076 | Sewer    | Gained mutation: You are partially covered in slimy green scales. (AC +2) [demonic ancestry]
  2076 | Sewer    | Reached XP level 5. HP: 42/42 MP: 5/5
  2132 | Sewer    | Noticed a crocodile
  2141 | Sewer    | Killed a crocodile
  2219 | D:3      | Reached skill level 4 in Armour
  2219 | D:3      | Gained mutation: You are mostly covered in sharp spines. [demonic ancestry]
  2219 | D:3      | Reached XP level 6. HP: 48/48 MP: 6/6
  2287 | D:3      | Noticed Sigmund
  2306 | D:3      | Killed Sigmund
  2353 | D:3      | Noticed Natasha
  2361 | D:3      | Killed Natasha
  2361 | D:3      | Gained mutation: You have sharp fingernails. [demonic ancestry]
  2361 | D:3      | Reached XP level 7. HP: 45/54 MP: 7/7
  2413 | D:3      | Found a glowing silver altar of Zin.
  2469 | D:3      | Noticed Natasha
  2475 | D:3      | Killed Natasha
  2592 | D:3      | Noticed Natasha
  2598 | D:3      | Killed Natasha
  2676 | D:3      | Found an iron altar of Okawaru.
  2910 | D:4      | Reached **** piety under Trog
  3220 | D:4      | Found a staircase to the Ecumenical Temple.
  3230 | D:4      | Reached skill level 5 in Armour
  3351 | D:4      | Reached skill level 1 in Polearms
  3360 | D:4      | Reached skill level 5 in Long Blades
  3513 | D:5      | Entered Level 5 of the Dungeon
  3541 | D:5      | Reached XP level 8. HP: 61/61 MP: 8/8
  3621 | D:5      | Found Vyseiji's Gadget Shoppe.
  3642 | D:5      | Found a sparkling altar of Nemelex Xobeh.
  3881 | D:5      | Reached skill level 5 in Fighting
  4031 | D:5      | Noticed a hippogriff
  4039 | D:5      | Killed a hippogriff
  4175 | D:6      | Reached ***** piety under Trog
  4269 | D:6      | Noticed Grinder
  4270 | D:6      | Paralysed by Grinder for 6 turns
  4287 | D:6      | Killed Grinder
  4287 | D:6      | Reached skill level 6 in Armour
  4347 | D:6      | Reached skill level 5 in Dodging
  4366 | D:6      | Reached skill level 1 in Shields
  4366 | D:6      | Gained mutation: You are mostly covered in slimy green scales. (AC +3) [demonic ancestry]
  4366 | D:6      | Reached XP level 9. HP: 67/68 MP: 9/9
  4495 | D:6      | Found an iron altar of Okawaru.
  4533 | D:6      | Reached skill level 1 in Stealth
  4997 | D:7      | Found a bloodstained altar of Trog.
  5158 | D:7      | Reached skill level 5 in Polearms
  5488 | D:7      | Reached skill level 7 in Armour
  5647 | D:7      | Found a white marble altar of Elyvilon.
  5818 | D:8      | Got a coiled jade ring
  5823 | D:8      | Identified the ring "Axzocwad" {-Tele rN+ Int+6 Dex+4 SInv} (You found it on level 8 of the Dungeon)
  5841 | D:8      | Received a gift from Trog
  5982 | D:8      | Noticed Erica
  5982 | D:8      | Noticed Maurice
  6003 | D:8      | Killed Erica
  6003 | D:8      | Received a gift from Trog
  6003 | D:8      | Reached XP level 10. HP: 77/77 MP: 10/10
  6022 | D:8      | Killed Maurice
  6297 | D:8      | Found Lucim's Jewellery Emporium.
  6467 | D:9      | Noticed a two-headed ogre
  6479 | D:9      | Killed a two-headed ogre
  7014 | D:9      | Found a staircase to the Orcish Mines.
  7056 | D:9      | Found a roughly hewn altar of Beogh.
  7234 | D:9      | Received a gift from Trog
  7327 | D:10     | Entered Level 10 of the Dungeon
  7434 | D:10     | Noticed a two-headed ogre
  7439 | D:10     | Killed a two-headed ogre
  7458 | D:10     | Reached XP level 11. HP: 84/84 MP: 11/11
  7739 | D:10     | Reached ****** piety under Trog
  7756 | D:10     | Received a gift from Trog
  7760 | D:10     | Got a scorched great sword {god gift}
  7766 | D:10     | Identified the +8 great sword "Ytojiuc" {slice, Fragile Int+3 Dex+4} (Trog gifted it to you on level 10 of the Dungeon)
  7972 | D:11     | Found a staircase to the Lair.
  8209 | D:11     | Found Zoitunes's Food Shoppe.
  8217 | D:11     | Reached skill level 8 in Armour
  8346 | D:11     | Found Xoff's Magic Scroll Boutique.
  8392 | D:11     | Noticed a purple ugly thing
  8401 | D:11     | Killed a purple ugly thing
  8577 | D:11     | Found Gimnu's Distillery.
  8580 | D:11     | Bought a potion of ambrosia for 128 gold pieces
  8580 | D:11     | Bought a potion of brilliance for 64 gold pieces
  8580 | D:11     | Bought a potion of cancellation for 128 gold pieces
  8614 | D:11     | Got a scorched chain mail
  8625 | D:11     | Identified the +1 chain mail of Least Resistance {Dex+4} (You found it on level 11 of the Dungeon)
  8653 | D:11     | Found Qeiniy's Armour Emporium.
  8661 | D:11     | Found Mesouleb's Antique Weapon Shoppe.
  8918 | D:11     | Noticed a lindwurm
  8920 | D:11     | Noticed a lindwurm
  8948 | D:11     | Noticed a lindwurm
  8985 | D:11     | Noticed a lindwurm
  8988 | D:11     | Killed from afar by a lindwurm

Skill      XL: |  1  2  3  4  5  6  7  8  9 10 11 |
---------------+----------------------------------+-----
Long Blades    | 3 4 5 |  5.9
Armour         | 2 3 4 5 6 7 8 |  8.2
Dodging        | 2 3 4 5 6 7 |  7.4
Fighting       | 4 5 6 7 |  7.9
Polearms       | 1 3 6 7 |  7.9
Shields        | 1 2 4 |  4.7
Stealth        | 1 2 |  2.5

Action                   |  1- 3 |  4- 6 |  7- 9 | 10-12 || total
-------------------------+-------+-------+-------+-------++-------
Melee: Falchion          |   116 |    87 |    23 |       ||   226
       Spear             |       |       |   393 |    15 ||   408
       Unarmed           |       |       |     3 |       ||     3
       Demon trident     |       |       |       |   168 ||   168
       Great sword       |       |       |       |    65 ||    65
Invok: Berserk           |     3 |     5 |     8 |     4 ||    20
 Abil: Evoke Flight      |       |       |       |     1 ||     1
  Use: Scroll            |       |     7 |     2 |     9 ||    18
 Stab: Distracted        |       |       |     2 |       ||     2
       Sleeping          |       |       |     1 |     1 ||     2
  Eat: Chunk             |     5 |     7 |    26 |    13 ||    51
Armor: Ring mail         |    43 |    39 |   121 |    26 ||   229
       Chain mail        |       |       |       |    56 ||    56
Dodge: Dodged            |    50 |    51 |   230 |   128 ||   459
Block: Buckler           |       |       |    32 |    39 ||    71
       Rpst.: Falchion   |    17 |    13 |     5 |       ||    35
       Great sword       |       |       |       |    13 ||    13
